 Dungeon Crawl Stone Soup version 0.27.0-1-g7a089689b8 (webtiles) character file.

Game seed: 3074522218214627988

21 gimp the Ducker (level 2, -2/17 HPs)
             Began as a Tengu Warper on Aug 11, 2021.
             Slain by Natasha (8 damage)
             ... on level 2 of the Dungeon.
             The game lasted 00:01:18 (1100 turns).

gimp the Ducker (Tengu Warper)                      Turns: 1100, Time: 00:01:19

Health: -2/17      AC:  3    Str: 11    XL:     2   Next: 87%
Magic:  6/6        EV: 12    Int: 13    God:
Gold:   67         SH:  0    Dex: 13    Spells: 5/5 levels left

rFire    . . .     SeeInvis .   a - +0 short sword
rCold    . . .     Faith    .   (no shield)
rNeg     . . .     Spirit   .   b - +0 leather armour
rPois    .         Reflect  .   (helmet restricted)
rElec    .         Harm     .   (no cloak)
rCorr    .         Rampage  .   (no gloves)
Will     .....                  (boots unavailable)
Stlth    +.........             (no amulet)
HPRegen  0.05/turn              (no ring)
MPRegen  0.10/turn              (no ring)

@: no status effects
A: beak, talons 3
a: no special abilities


You were on level 2 of the Dungeon.
You visited 1 branch of the dungeon, and saw 2 of its levels.

You collected 67 gold pieces.

Inventory:

Hand Weapons
 a - a +0 short sword (weapon)
Missiles
 d - 5 boomerangs of dispersal (quivered)
 e - 9 poisoned darts
Armour
 b - a +0 leather armour (worn)
Scrolls
 c - a scroll of blinking
Potions
 f - a potion of curing {unknown}


   Skills:
 + Level 2.2 Fighting
 * Level 2.8 Short Blades
 - Level 1.0 Throwing
 - Level 1.1 Armour
 * Level 2.8 Dodging
 - Level 2.0 Spellcasting
 - Level 2.4 Translocations


You had 5 spell levels left.
You didn't know any spells.
Your spell library contained the following spells:

 Spells                   Type           Power      Damage    Failure   Level
 Blink                    Tloc           N/A        N/A       19%         2
 Gell's Gravitas          Tloc           3%         N/A       36%         3
 Lesser Beckoning         Tloc           3%         N/A       36%         3
 Teleport Other           Tloc           7%         N/A       36%         3
 Manifold Assault         Tloc           7%         N/A       98%         5


Dungeon Overview and Level Annotations

Branches:
Dungeon (2/15)

Altars:

Annotations:
D:2 Natasha


Innate Abilities, Weirdness & Mutations

You have a beak for a mouth.
You have claws for feet.


Message History

You kill the bat!
No target in view!
Found a stone staircase leading down.
No target in view!
There is a stone staircase leading down here.
Found a stone staircase leading down.
Found a robe.
No target in view!
You see here a +0 robe.
There is a stone staircase leading down here.
There is a stone staircase leading down here.
Done exploring.
Done exploring.
No target in view!
No target in view!
Done exploring.
There is a stone staircase leading down here.
You climb downwards.
Natasha, Servant of Life and Death comes into view.
Found a green potion.
There is a stone staircase leading up here.
Natasha is nearby!
Natasha hisses angrily.
You see here a green potion.
There is a stone staircase leading up here.
You barely miss Natasha. Natasha claws you.
You take 6 damage, and have 11/17 hp.
MASSIVE DAMAGE!!
You barely miss Natasha. Natasha claws you.
You take 1 damage, and have 10/17 hp.
You hit Natasha.
Natasha is moderately wounded.
Natasha closely misses you.
You hit Natasha but do no damage.
Natasha is moderately wounded.
Natasha claws you.
You take 4 damage, and have 6/17 hp.
MASSIVE DAMAGE!!
You hit Natasha but do no damage. Your kick misses Natasha.
Natasha is moderately wounded.
Natasha claws you!
You die...

.# .#
.###+##
.......
......#
......#
##......#
#@.####
#h....+
#.#####
#.. #...
#...#
#....
##....
.....


You could see Natasha.

Vanquished Creatures
  5 ball pythons (D:1)
  An endoplasm (D:1)
  2 giant cockroaches (D:1)
  A hobgoblin (D:1)
  3 bats (D:1)
  5 goblins (D:1)
  3 kobolds (D:1)
  A rat (D:1)
21 creatures vanquished.

Notes
Turn   | Place    | Note
-------+----------+-------------------------------------------
     0 | D:1      | gimp the Tengu Warper began the quest for the Orb.
     0 | D:1      | Reached XP level 1. HP: 12/12 MP: 4/4
   278 | D:1      | Reached XP level 2. HP: 14/17 MP: 6/6
  1093 | D:2      | Noticed Natasha
  1100 | D:2      | Slain by Natasha

Illustrated notes

Levels and vault maps discovered:
D:1:      erik_arrival_cave_to_civilisation [erik_arrival_cave_to_hall],
          layout_loops_ring, minmay_tripent
D:2:      layout_basic, shapermc_ecumenical_altar_mp_urbaneastern,
          minmay_misc_feat_pillars, uniq_natasha, uniq_jessica

Action                   || total
-------------------------++-------
Melee: Short sword       ||    41
       Kick              ||     4
       Peck              ||     1
 Stab: Sleeping          ||     2
       Distracted        ||     1
Armor: Leather armour    ||     8
Dodge: Dodged            ||    13
